 Dungeon Crawl Stone Soup version 0.23-a0-643-g9ccc95a (webtiles) character file.

871 galech the Chopper (level 7, -11/54 HPs)
             Began as a Demonspawn Fighter on Dec 31, 2018.
             Killed from afar by Dowan (14 damage)
             ... with a shard of ice
             ... on level 4 of the Dungeon.
             The game lasted 00:05:18 (4487 turns).

galech the Chopper (Demonspawn Fighter)             Turns: 4487, Time: 00:05:20

Health: -11/54     AC:  9    Str: 21    XL:     7   Next: 73%
Magic:  7/7        EV:  8    Int: 10    God:
Gold:   181        SH:  5    Dex: 14    Spells: 6/6 levels left

rFire    . . .     SeeInvis .   d - +0 war axe (chop)
rCold    + . .     Gourm    .   q - +0 buckler (curse)
rNeg     . . .     Faith    .   i - +0 chain mail
rPois    .         Spirit   .   (helmet restricted)
rElec    .         Reflect  .   (no cloak)
rCorr    .         Harm     .   (no gloves)
MR       .....                  (no boots)
Stlth    ..........             y - amulet of regeneration
HPRegen  0.58/turn              j - ring of stealth
MPRegen  0.10/turn              (no ring)

@: mighty
A: horns 1, cold resistance 1, foul stench 1, rot immunity
a: no special abilities


You were on level 4 of the Dungeon.
You were hungry.

You visited 1 branch of the dungeon, and saw 6 of its levels.
You also visited: Ossuary.

You collected 181 gold pieces.

Inventory:

Hand Weapons
 a - a +0 war axe
 d - a +0 war axe of chopping (weapon)
 C - a +0 vampiric hand axe
Armour
 c - a +0 shield
 i - a +0 chain mail (worn)
 q - a cursed +0 buckler (worn)
Jewellery
 j - a ring of stealth (left hand)
 y - an amulet of regeneration (around neck)
Scrolls
 b - 9 scrolls of teleportation {unknown}
 e - 8 scrolls of identify {unknown}
 h - 6 scrolls of remove curse {unknown}
 l - 2 scrolls of enchant weapon {unknown}
 m - 4 scrolls of noise {unknown}
 o - 2 scrolls of enchant armour {unknown}
 p - 3 scrolls of amnesia {unknown}
 r - 5 scrolls of fear {unknown}
 s - 2 scrolls of magic mapping {unknown}
Potions
 g - 2 potions of agility {unknown}
 k - 2 potions of cancellation {unknown}
 n - 2 potions of curing
 t - a potion of degeneration {unknown}
 u - a potion of flight {unknown}
 v - 2 potions of might
 w - a potion of heal wounds {unknown}
 x - a potion of magic {unknown}
 z - 2 potions of brilliance {unknown}
 A - a potion of haste {unknown}
Comestibles
 f - 6 rations


   Skills:
 + Level 4.1 Fighting
 + Level 6.0 Axes
 + Level 4.9 Armour
 + Level 0.5 Dodging
 + Level 0.3 Stealth
 + Level 3.5 Shields


You had 6 spell levels left.
You didn't know any spells.
Your spell library was empty.

Dungeon Overview and Level Annotations

Branches:
Dungeon (6/15)
 Temple: D:4-7

Altars:
Xom

Annotations:
D:4 Dowan


Innate Abilities, Weirdness & Mutations

You have a pair of small horns on your head.
Your flesh is cold resistant. (rC+)
You may emit foul miasma when damaged in melee.
You are immune to rotting.


Message History

You slash Dowan!
Dowan is severely wounded.
Dowan hits you but does no damage.
Your chain mail prevents you from hitting Dowan.
Dowan is severely wounded.
Dowan hits you but does no damage. x2
You closely miss Dowan.
Dowan is severely wounded.
You are feeling hungry.
Dowan mumbles some strange words.
Dowan blinks!
Dowan barely misses you.
Your chain mail prevents you from hitting Dowan.
Dowan is severely wounded.
Dowan casts a spell at you. The stone arrow hits you!
* * * LOW HITPOINT WARNING * * *
Dowan points at you and mumbles some strange words.
The shard of ice hits you! You partially resist.
You die...

########## #.........
#......... #.........
#......... .........
...( ########ยง......#
.......#.....##.......#
.......#......)@......#
.......#.....$e.......#
......#..............#
......####..##..######
#.....#..##..#
+.....'........
#.....#.........
#.....#..........
######.....#.##...##..


You could see Dowan.

Vanquished Creatures
  Sigmund (D:6)
  Duvessa (D:4)
  An ogre (D:5)
  2 scorpions
  A crimson imp (D:6)
  A hound (D:5)
  13 mummies (Ossuary)
  A howler monkey skeleton (D:6)
  7 adders
  4 gnolls (D:2)
  2 oozes (D:3)
  An adder skeleton (D:6)
  2 dart slugs (D:2)
  A leopard gecko (D:3)
  6 orcs
  5 giant cockroaches
  8 goblins
  5 hobgoblins
  2 jackals (D:1)
  3 kobolds
  A ball python (D:1)
  8 bats
  3 frilled lizards
  A gnoll skeleton (Ossuary)
  3 kobold skeletons (Ossuary)
  A leopard gecko skeleton (D:5)
  3 orc skeletons (Ossuary)
  7 rats
  11 rat skeletons (Ossuary)
105 creatures vanquished.

Vanquished Creatures (others)
  An ogre (D:5)
  A centaur (D:5)
  A jackal (D:5)
  An orc skeleton (Ossuary)
4 creatures vanquished.

Grand Total: 109 creatures vanquished

Notes
Turn   | Place    | Note
-------+----------+-------------------------------------------
     0 | D:1      | galech the Demonspawn Fighter began the quest for the Orb.
     0 | D:1      | Reached XP level 1. HP: 18/18 MP: 1/1
   213 | D:1      | Gained mutation: You have a pair of small horns on your
                  | head. [demonic ancestry]
   213 | D:1      | Reached XP level 2. HP: 20/24 MP: 2/2
   843 | D:2      | Reached skill level 2 in Axes
   926 | D:2      | Reached XP level 3. HP: 22/29 MP: 3/3
  1159 | D:2      | Gained mutation: You are immune to rotting. [demonic
                  | ancestry]
  1159 | D:2      | Reached XP level 4. HP: 17/35 MP: 4/4
  1943 | D:3      | You fall through a shaft for 3 floors!
  2009 | D:6      | Reached skill level 3 in Axes
  2009 | D:6      | Reached XP level 5. HP: 41/41 MP: 5/5
  2018 | D:6      | Noticed Sigmund
  2029 | D:6      | Killed Sigmund
  2029 | D:6      | Gained mutation: You may emit foul miasma when damaged in
                  | melee. [demonic ancestry]
  2029 | D:6      | Reached XP level 6. HP: 30/48 MP: 6/6
  2224 | D:6      | Reached skill level 4 in Axes
  2235 | D:5      | Entered Level 5 of the Dungeon
  2260 | D:5      | HP: 1/48 [ogre/+0 giant club (16)]
  2575 | D:5      | Found a shimmering altar of Xom.
  2590 | D:5      | Gained mutation: Your flesh is cold resistant. (rC+)
                  | [demonic ancestry]
  2590 | D:5      | Reached XP level 7. HP: 52/53 MP: 7/7
  2659 | D:4      | Found a sand-covered staircase.
  2668 | Ossuary  | Entered an ossuary
  2987 | Ossuary  | Reached skill level 5 in Axes
  4465 | D:4      | Noticed Duvessa
  4476 | D:4      | Killed Duvessa
  4476 | D:4      | Reached skill level 6 in Axes
  4477 | D:4      | Noticed Dowan
  4487 | D:4      | Killed from afar by Dowan

Vault maps used:
D:1:      lightli_arrival_windingriver
D:3:      hangedman_glass_teeth, chequers_serial_rivers_large_a
D:4:      nicolae_ossuary_entry_ruins, uniq_pikel, uniq_duvessa, uniq_grinder
D:5:      xom_confusion_cloud, minmay_temple_entry_junction, first_ration
D:6:      basic_altar, kennysheep_generic_room_6, uniq_sigmund,
          uniq_prince_ribbit1
Ossuary:  ossuary_due_small_catacomb

Skill      XL: |  1  2  3  4  5  6  7 |
---------------+----------------------+-----
Armour         | 3 4 |  4.9
Axes           | 2 3 4 6 |  6.0
Shields        | 3 |  3.5
Fighting       | 4 |  4.1
Dodging        | |  0.5
Stealth        | |  0.3

Action                   |  1- 3 |  4- 6 |  7- 9 || total
-------------------------+-------+-------+-------++-------
Melee: War axe           |    72 |   100 |   151 ||   323
       Headbutt          |    10 |    19 |    22 ||    51
  Use: Potion            |       |     1 |     2 ||     3
  Eat: Chunk             |     1 |     3 |     4 ||     8
       Ration            |       |       |     1 ||     1
Armor: Scale mail        |    23 |       |       ||    23
       Chain mail        |    23 |    40 |    43 ||   106
Dodge: Dodged            |    26 |    32 |    37 ||    95
Block: Shield            |    37 |    10 |       ||    47
       Buckler           |       |    16 |    24 ||    40

Table legend:
 A = Non-vault XP
 B = Vault XP
 C = Vault XP percentage of total XP
 D = Non-vault monster count
 E = Vault monster count
 F = Vault count percentage of total count
                 A         B        C        D         E       F
            +---------+---------+-------+---------+---------+-------
      Total |     502 |     743 |  59.7 |      68 |      37 |  35.2
            +---------+---------+-------+---------+---------+-------
        D:1 |      26 |       0 |   0.0 |      16 |       0 |   0.0
        D:2 |     110 |       0 |   0.0 |      18 |       0 |   0.0
        D:3 |      77 |       0 |   0.0 |      20 |       0 |   0.0
        D:4 |      14 |     149 |  91.4 |       5 |       1 |  16.7
        D:5 |     112 |     118 |  51.3 |       2 |       4 |  66.7
        D:6 |     163 |     227 |  58.2 |       7 |       1 |  12.5
    Ossuary |       0 |     249 | 100.0 |       0 |      31 | 100.0
            +---------+---------+-------+---------+---------+-------
